 Dungeon Crawl Stone Soup version 0.21-a0-33-g8b44e26 (console) character file.

1071954 nht the Heavyweight Champion (level 27, -31/383 HPs)
             Began as a Troll Fighter on May 26, 2017.
             Was the Champion of the Shining One.
             Annihilated by a reaper
             ... wielding a +0 scythe of slicing
              (37 damage)
             ... on level 7 of Cocytus on May 27, 2017.
             The game lasted 03:49:10 (82281 turns).

nht the Heavyweight Champion (Troll Fighter)       Turns: 82281, Time: 03:49:12

Health: -31/383    AC: 31    Str: 46    XL:     27
Magic:  34/36      EV: 18    Int: 10    God:    the Shining One [******]
Gold:   4761       SH: 33    Dex: 13    Spells: 19/44 levels left

rFire    + . .     SeeInvis +     - Unarmed
rCold    + . .     Gourm    +   b - +6 large shield "Oqyomocs" {*Slow MP+9 Str+5 Stlth+}
rNeg     + + +     Faith    .   (armour currently unavailable)
rPois    ∞         Spirit   .   j - +3 crown of Dyrovepreva {rElec Int+2 SInv}
rElec    +         Reflect  .   F - +2 cloak {MR+}
rCorr    .         Harm     .   (gloves unavailable)
MR       +++..                  (boots unavailable)
Stlth    +.........             J - amulet of regeneration
Regen    1.6/turn               a - ring of Phasing {EV+8}
MPRegen  0.3/turn               e - ring "Belecuzo" {rF+ rC+ rN+ Str+4 Dex+4}

@: lethally poisoned (-31 -> -31), statue-form (expiring), hasted and slowed,
glowing, very slow
A: unfitting armour, claws 3, fast metabolism 3, gourmand, low mp 2, poison
resistance, regeneration 1, screaming 1, no potion heal 1, MP-powered wands,
sturdy frame 1
}: 8/15 runes: serpentine, barnacled, silver, demonic, glowing, magical, fiery,
dark
a: End Transformation, Divine Shield, Cleansing Flame, Summon Divine Warrior,
Brand Weapon With Holy Wrath, Renounce Religion


You were on level 7 of Cocytus.
You worshipped the Shining One.
The Shining One was exalted by your worship.
You were not hungry.
You were a stone statue.
You visited 13 branches of the dungeon, and saw 62 of its levels.
You visited Pandemonium 3 times, and saw 30 of its levels.
You visited the Abyss 3 times.
You also visited: Sewer and Ice Cave.

You collected 13104 gold pieces.
You spent 8343 gold pieces at shops.

Inventory:

Hand Weapons
 X - a +9 blowgun
Missiles
 l - 11 needles of sleeping
 v - 174 large rocks
 x - 19 needles of paralysis
 y - 27 needles of confusion
 H - 8 throwing nets
 I - 36 javelins of penetration
 K - 37 javelins
 L - 5 needles of frenzy
 M - 22 poisoned needles
 S - 30 poisoned javelins
 U - 19 silver javelins
 V - 26 javelins of returning (quivered)
 Y - 24 curare-tipped needles
Armour
 b - the +6 large shield "Oqyomocs" (worn) {*Slow MP+9 Str+5 Stlth+}
   (Okawaru gifted it to you on level 6 of the Lair of Beasts)

   It affects your strength (+5).
   It affects your magic capacity (+9).
   It may slow you when you take damage.
   It makes you more stealthy.
 f - +11 gold dragon scales (melded)
 j - the +3 crown of Dyrovepreva (worn) {rElec Int+2 SInv}
   (You bought it in a shop on level 1 of the Vaults)

   It affects your intelligence (+2).
   It insulates you from electricity.
   It lets you see invisible.
 t - a +2 large shield of fire resistance
 F - a +2 cloak of magic resistance (worn)
Jewellery
 a - the ring of Phasing (left claw) {EV+8}
   (You acquired it on level 15 of the Dungeon)

   [ring of evasion]

   It affects your evasion (+8).
 e - the ring "Belecuzo" (right claw) {rF+ rC+ rN+ Str+4 Dex+4}
   (You bought it in a shop on level 1 of the Snake Pit)

   [ring of protection from cold]

   It affects your strength (+4).
   It affects your dexterity (+4).
   It protects you from fire.
   It protects you from cold.
   It protects you from negative energy.
 r - an uncursed ring of resist corrosion
 G - the ring of Robustness {AC+8}
   (You bought it in a shop on level 1 of the Snake Pit)

   [ring of protection]

   It affects your AC (+8).
 J - an amulet of regeneration (around neck)
 R - an uncursed ring of flight
Wands
 k - a wand of digging (23/24)
Scrolls
 g - 10 scrolls of fog
 h - 19 scrolls of teleportation
 m - 25 scrolls of identify
 n - 39 scrolls of remove curse
 p - a scroll of recharging
 z - 15 scrolls of blinking
 C - 2 scrolls of silence
 P - 6 scrolls of holy word
 Z - 9 scrolls of magic mapping
Potions
 c - 12 potions of might
 i - 11 potions of agility
 o - 4 potions of brilliance
 s - 31 potions of heal wounds
 w - 5 potions of mutation
 A - 9 potions of haste
 D - 11 potions of flight
 E - a potion of lignification
 N - 8 potions of resistance
 Q - 8 potions of cancellation
 T - 36 potions of curing
Comestibles
 d - 35 bread rations
 u - 40 royal jellies
 B - 44 meat rations


   Skills:
 - Level 20.9 Fighting
 - Level 25.0 Throwing
 - Level 16.6 Armour
 - Level 2.4 Dodging
 - Level 19.3 Shields
 O Level 27 Unarmed Combat
 - Level 9.0 Spellcasting
 - Level 11.1 Translocations
 + Level 16.9 Transmutations
 + Level 19.5 Earth Magic
 + Level 17.6 Invocations


You had 19 spell levels left.
You knew the following spells:

 Your Spells              Type           Power        Failure   Level  Hunger
a - Statue Form           Tmut/Erth      #####....    1%          6    #######
b - Blink                 Tloc           N/A          1%          2    #......
c - Lesser Beckoning      Tloc           ####......   1%          3    ##.....
d - Passage of Golubria   Tloc           N/A          1%          4    ####...
e - Gell's Gravitas       Tloc           ####......   1%          3    ##.....
f - Lee's Rapid Deconstr  Erth           #####.....   1%          5    ######.
g - Passwall              Tmut/Erth      #####.....   0%          2    #......


Dungeon Overview and Level Annotations

Branches:
Dungeon (15/15)            Temple (0/1) D:5            Lair (6/6) D:8
 Shoals (4/4) Lair:2        Snake (4/4) Lair:3        Slime (0/5) Lair:6
    Orc (2/2) D:9             Elf (3/3) Orc:2        Vaults (5/5) D:13
  Crypt (3/3) Vaults:2       Tomb (2/3) Crypt:3      Depths (5/5) D:15
   Hell (1/1)                 Dis (0/7) Hell            Geh (0/7) Hell
    Coc (7/7) Hell            Tar (0/7) Hell            Zot (5/5) Depths:5

Altars:
Elyvilon
Fedhas
Kikubaaqudgha
Nemelex Xobeh
Okawaru
Qazlal
Ru
Sif Muna
Trog
Vehumet
Wu Jian
Xom
Yredelemnul
The Shining One
Beogh
Jiyva

Shops:
D:6 (   D:9 !   D:10 :   D:12 }   Orc:1 *((   Orc:2 [(:*   Elf:2 *   Shoals:1 %
Snake:1 ==}   Snake:2 [   Vaults:1 [   Vaults:2 (((*   Depths:3 [}!*

Portals:
Hell: Depths:1 Depths:2 Depths:3 Depths:4 Depths:5
Abyss: Depths:3 Depths:4 Depths:5
Pandemonium: Depths:1 Depths:3
Ziggurat: Depths:3

Annotations:
Depths:1 dig
Depths:3 dig


Innate Abilities, Weirdness & Mutations

You are too large for most types of armour.
You have claws for hands.
Your metabolism is lightning-fast.
You like to eat raw meat.
Your natural rate of healing is unusually fast.
((You are covered in thick fur. (AC +2)))
((You have very tough skin. (AC +2)))
((You are partially covered in thin metallic scales. (AC +2)))
Your magical capacity is very low. (-20% MP)
Your system is resistant to poisons. (rPois)
You occasionally shout uncontrollably at your foes.
Potions are less effective at restoring your health.
You expend magic power (3 MP) to strengthen your wands.
Your movements are slightly less encumbered by armour. (ER -2)


Message History

The bolt of lightning hits you! You resist.
* * * LOW HITPOINT WARNING * * *
The bolt of lightning misses you.
The bolt of lightning hits the blizzard demon.
The blizzard demon completely resists.
The bolt of lightning hits the skeletal warrior.
The skeletal warrior is destroyed!
You block the titan zombie's attack.
The ice dragon zombie bites you but does no damage.
The ice dragon zombie claws you but does no damage.
You block the ice dragon zombie's attack.
An ice dragon comes into view.
Unknown command.
You eviscerate the ice dragon zombie!!!
The ice dragon zombie is heavily damaged.
The ice dragon breathes frost at you. The blast of cold hits you! You resist.
* * * LOW HITPOINT WARNING * * *
The reaper hits you from afar with a scythe of slicing!!!
You die...

.█████ ███.≈.
≈≈.█... .█.≈≈
≈.█.... ..█.
█.....█...█
█....█....█
█.........█
█....†52..█
█..2D2..█
≈≈.█..█8Z█*≈≈≈≈
≈n.██Z██.≈≈≈≈≈
≈≈≈ ..n ≈≈≈≈≈≈
≈ ≈≈≈≈≈ ≈≈≈≈≈
≈≈≈≈≈≈≈ ≈≈≈≈≈
≈≈≈≈≈≈≈ ≈≈≈≈
≈≈≈≈≈≈≈ ≈≈≈≈
≈≈≈≈≈≈≈


You could see an ice dragon, 2 reapers, a blizzard demon, a bog body, a white
imp, an ice dragon zombie and a titan zombie.

Vanquished Creatures
  Cerebov (Pan)
  Gloorx Vloq (Pan)
  Mnoleg (Pan)
  Lom Lobon (Pan)
  2 orbs of fire
  Mennas (Pan)
  2 juggernauts
  4 ancient liches
  17 pandemonium lords (Pan)
  21 greater mummies
  Sojobo (Depths:2)
  A shard shrike (Coc:2)
  A Killer Klown (Zot:3)
  6 caustic shrikes
  Saint Roka (Orc:2)
  Xtahua (Crypt:1)
  Geryon (Hell)
  4 curse toes
  11 golden dragons
  Nikola (Snake:3)
  5 bone dragons
  2 profane servitors
  The ghost of Kenran the Wrestler, an adept MiSk of Uskayaw (Vaults:4)
  11 Brimstone Fiends (Pan)
  11 Tzitzimimeh (Pan)
  Jorgrun (Elf:2)
  10 Hell Sentinels (Pan)
  A hellephant (Pan)
  Rupert (D:14)
  17 tentacled monstrosities
  8 liches
  19 titans
  7 Orb Guardians (Zot:5)
  9 deep elf blademasters
  8 deep elf master archers
  The ghost of braks the End of an Era, an adept DsGl of Qazlal (Vaults:3)
  13 Ice Fiends
  7 quicksilver dragons
  An eldritch tentacle (Pan)
  23 Executioners (Pan)
  7 tentacled starspawn
  A kraken (Shoals:2)
  Polyphemus (Shoals:3)
  7 death cobs
  7 ancient champions
  Roxanne (Elf:3)
  Kirke (Snake:3)
  11 tengu reavers
  8 shadow dragons
  10 sphinxes
  A revenant (Tomb:1)
  Donald (Elf:2)
  7 draconian monks
  10 storm dragons
  8 nagarajas
  Ilsuiw (Shoals:3)
  27 fire giants
  9 deep elf sorcerers
  2 iron dragons
  15 vault wardens
  A ghost moth (Zot:1)
  28 frost giants
  A draconian knight (Zot:4)
  41 balrugs
  An orc warlord (Orc:2)
  13 warmongers (Pan)
  4 curse skulls
  2 spriggan defenders
  27 cacodemons
  3 angels (Pan)
  5 ghouls
  8 draconian shifters
  9 draconian scorchers
  7 deep elf elementalists
  12 draconian stormcallers
  7 war gargoyles
  18 draconian annihilators
  14 black suns (Pan)
  35 reapers
  17 ironheart preservers
  16 blood saints (Pan)
  29 very ugly things
  44 stone giants
  6 vampire knights
  7 deep elf demonologists
  An entropy weaver (Vaults:4)
  18 green draconians
  4 bennus (Tomb:1)
  26 lorocyprocas
  11 deep elf annihilators
  11 purple draconians
  13 white draconians
  Nessos (Orc:2)
  9 black draconians
  14 corrupters (Pan)
  Azrael (Elf:2)
  10 red draconians
  11 yellow draconians
  11 spark wasps
  9 ettins
  10 merfolk javelineers
  8 crystal guardians
  32 blizzard demons
  8 deep elf death magi
  40 green deaths
  11 fire dragons
  3 eidola
  13 merfolk impalers
  14 ogre magi
  17 mummy priests
  2 kraken zombies (Coc:2)
  15 great orbs of eyes
  9 jiangshi
  9 deep elf high priests
  A great orb of eyes (shapeshifter) (Depths:3)
  14 yaktaur captains
  5 quicksilver dragon skeletons
  15 ice dragons
  31 vault guards
  12 naga warriors
  4 hell beasts
  12 anacondas
  18 rakshasas
  6 spriggan air magi
  14 centaur warriors
  14 monstrous demonspawn (Pan)
  2 catoblepae
  7 hydras
  3 merfolk aquamancers (Shoals:4)
  2 merfolk avatars
  51 two-headed ogres
  7 death knights
  9 vampire magi
  7 tengu warriors
  16 death scarabs
  8 death yaks
  2 satyrs (Shoals:4)
  35 dancing weapons
  6 deep troll shamans
  4 hell hogs (Hell)
  11 deep troll earth magi
  Urug (D:11)
  A queen ant (Lair:3)
  2 orc high priests
  A titan zombie (Coc:2)
  11 naga sharpshooters
  4 thrashing horrors
  6 spriggan berserkers
  6 holy swine (Pan)
  Sonja (Lair:2)
  A shock serpent (shapeshifter) (Depths:4)
  4 shock serpents
  42 deep elf knights
  31 hell knights
  97 sun demons
  3 wretched stars
  89 soul eaters
  3 spriggans
  A fire crab (Shoals:1)
  12 shadow wraiths
  2 spatial maelstroms
  3 golden dragon zombies
  An iron troll (Depths:4)
  2 salamander mystics
  54 skeletal warriors
  13 sea snakes
  27 sixfirhies
  A storm dragon skeleton (Coc:5)
  5 unseen horrors
  19 infernal demonspawn (Pan)
  A kraken simulacrum (Coc:7)
  An unseen horror (shapeshifter) (Vaults:1)
  6 flayed ghosts
  28 torturous demonspawn
  34 deep trolls
  20 gelid demonspawn (Pan)
  6 glowing orange brains
  3 anaconda zombies
  2 shadow dragon zombies
  18 ironbrand convokers
  A lindwurm (Lair:6)
  23 shadow demons (Pan)
  10 naga ritualists
  Pikel (D:8)
  29 deep elf archers
  13 phantasmal warriors
  A golden dragon skeleton (Pan)
  10 wizards
  3 oklob plants (Lair:3)
  39 harpies
  5 mana vipers
  19 necromancers
  39 ugly things
  6 orc sorcerers
  5 shining eyes
  An anaconda skeleton (Crypt:3)
  A wolf spider zombie (Tomb:1)
  17 orc knights
  An iron dragon zombie (Crypt:1)
  2 fire giant zombies
  14 salamanders
  107 deep elf magi
  3 shadow dragon skeletons
  6 wolf spiders
  15 fauns
  An orb spider (shapeshifter) (Vaults:3)
  15 cyclopes
  2 frost giant zombies (Coc:5)
  2 stone giant skeletons
  A salamander (shapeshifter) (Vaults:2)
  17 moths of wrath
  A worldbinder (Abyss:4)
  A black mamba (shapeshifter) (Vaults:4)
  3 iron dragon skeletons
  31 naga magi
  8 manticores
  A water nymph (Shoals:3)
  2 dire elephant zombies (Hell)
  2 stone giant zombies (Crypt:3)
  An eye of devastation (Depths:3)
  9 merfolk sirens
  15 vault sentinels
  8 elephants
  A gargoyle (D:14)
  3 rust devils
  2 ice statues
  An apocalypse crab (Abyss:4)
  42 black mambas
  68 smoke demons (Pan)
  Psyche (D:8)
  4 centaur zombies
  A water nymph (shapeshifter) (D:15)
  A frost giant skeleton (Vaults:1)
  5 molten gargoyles
  A titan simulacrum (Coc:7)
  35 orange demons
  A rime drake (shapeshifter) (Depths:3)
  2 guardian serpents (Snake:1)
  2 storm dragon simulacra (Coc:7)
  13 spiny frogs
  3 rime drakes
  A shock serpent skeleton (Pan)
  21 freezing wraiths
  2 dire elephant skeletons
  27 hellions (Pan)
  3 kobold demonologists
  7 efreet (Pan)
  A komodo dragon (shapeshifter) (Vaults:1)
  4 yaktaurs (shapeshifter)
  47 yaktaurs
  A catoblepas zombie (Crypt:3)
  32 hellwings (Pan)
  22 ice devils
  8 komodo dragons
  34 demonic crawlers (Pan)
  A catoblepas skeleton (Pan)
  5 anaconda simulacra
  21 tormentors
  A pale draconian skeleton (Crypt:2)
  20 wind drakes
  56 red devils
  5 tengu conjurers
  An ancient zyme (Abyss:1)
  3 polar bears
  5 hydra zombies
  5 hornets
  A queen bee (shapeshifter) (Vaults:4)
  8 trolls
  20 guardian mummies
  35 merfolk
  A meliai (shapeshifter) (Depths:3)
  A wind drake (shapeshifter) (Vaults:1)
  2 harpy zombies
  2 polar bears (shapeshifter)
  A troll (shapeshifter) (Depths:4)
  A wolf spider simulacrum (IceCv)
  5 bog bodies
  A hornet (shapeshifter) (Elf:1)
  42 slime creatures
  A jumping spider (shapeshifter) (Depths:3)
  4 blink frogs (Lair:2)
  A dream sheep (shapeshifter) (Vaults:4)
  An ettin zombie (Crypt:3)
  A fire dragon zombie (Crypt:3)
  4 raiju (Abyss:4)
  3 dream sheep (Shoals:2)
  10 hippogriffs
  2 human simulacra
  5 hydra skeletons
  An ice dragon zombie (Coc:1)
  3 snapping turtles
  71 flying skulls
  2 ice dragon skeletons
  9 shadows
  A fire dragon skeleton (Pan)
  55 ynoxinuls
  A yak (shapeshifter) (Vaults:3)
  2 dire elephant simulacra (IceCv)
  6 ushabtiu (Tomb:2)
  21 water elementals
  6 air elementals
  A tarantella (shapeshifter) (Elf:1)
  10 vampires
  A redback (Vaults:4)
  A wyvern (shapeshifter) (Abyss:4)
  3 ettin skeletons
  10 wraiths
  2 black mamba skeletons
  9 fire elementals
  3 hogs (Snake:3)
  80 large abominations
  6 wyverns
  6 basilisks
  6 fire bats
  31 yaks
  21 golden eyes (Pan)
  3 steam dragons
  A basilisk (shapeshifter) (Vaults:1)
  37 chaos spawn
  5 vampire mosquitoes
  5 hungry ghosts
  47 neqoxecs
  6 spatial vortices
  Menkaure (D:5)
  A swamp worm (shapeshifter) (Vaults:5)
  A deep troll zombie (Vaults:1)
  11 wargs
  6 harpy simulacra (IceCv)
  3 spiny frog zombies
  An iron troll simulacrum (IceCv)
  A glowing shapeshifter zombie (Crypt:2)
  3 hydra simulacra
  47 nagas
  5 soldier ants
  11 water moccasins
  2 floating eyes (Pan)
  13 hell hounds
  A porcupine (shapeshifter) (Depths:5)
  A merfolk skeleton (Crypt:1)
  14 porcupines
  2 sky beasts
  A spiny frog skeleton (Crypt:3)
  A black bear (shapeshifter) (D:13)
  A hornet zombie (D:7)
  49 orc warriors
  2 phantoms
  An alligator simulacrum (Coc:2)
  9 ice beasts
  3 necrophages
  A slave (D:8)
  2 eyes of draining
  45 ogres
  8 wolves
  An ettin simulacrum (IceCv)
  2 snapping turtle skeletons
  13 boggarts
  A swamp dragon zombie (Crypt:1)
  A manticore skeleton (Pan)
  A crocodile (shapeshifter) (Depths:4)
  22 centaurs
  8 crocodiles
  2 big kobolds (D:12)
  Blork the orc (Orc:2)
  13 bullfrogs
  A rime drake skeleton (Crypt:1)
  A gnoll sergeant (Orc:1)
  An elf skeleton (Crypt:3)
  3 earth elementals
  A spiny frog simulacrum (Hell)
  2 wyvern skeletons (D:13)
  4 scorpions
  2 water moccasin skeletons
  11 small abominations
  9 killer bees
  A yak zombie (Crypt:2)
  A yak skeleton (Crypt:1)
  An orc simulacrum (Vaults:1)
  An elephant simulacrum (IceCv)
  A spriggan skeleton (Tomb:2)
  25 wights
  2 howler monkeys
  An electric eel (D:10)
  14 crimson imps
  17 starcursed masses
  A bullfrog zombie (D:12)
  5 lava snakes (Lair:6)
  3 draconian simulacra (IceCv)
  A quasit (Depths:3)
  A basilisk zombie (Crypt:2)
  32 orc priests
  9 human zombies
  7 jellies
  7 hounds
  25 orc wizards
  7 centaur skeletons
  7 iguanas
  An iron imp (Depths:3)
  A basilisk skeleton (Crypt:1)
  4 bullfrog skeletons
  A human skeleton (Pan)
  38 worker ants
  3 hell rats
  2 polar bear simulacra (IceCv)
  5 troll simulacra (IceCv)
  A wolf simulacrum (IceCv)
  A bullfrog simulacrum (D:10)
  A crocodile zombie (Crypt:2)
  A tengu zombie (Coc:1)
  A centaur simulacrum (IceCv)
  3 hound zombies
  41 mummies
  A killer bee simulacrum (D:10)
  A howler monkey skeleton (D:3)
  9 gnolls
  A naga simulacrum (IceCv)
  13 adders
  2 ogre simulacra (IceCv)
  7 shadow imps
  20 white imps
  4 ufetubi
  8 oozes
  A worm (D:2)
  4 dart slugs
  23 leopard geckos
  98 orcs
  12 ball pythons
  20 giant cockroaches
  10 goblins
  10 hobgoblins
  8 jackals
  5 quokkas
  12 bats
  13 frilled lizards
  A giant cockroach zombie (D:3)
  A hobgoblin skeleton (Crypt:1)
  24 kobolds
  A leopard gecko zombie (D:3)
  17 rats
  A fungus (D:2)
  5 starspawn tentacles
  8 tentacles
4538 creatures vanquished.

Vanquished Creatures (collateral kills)
  A death scarab (Tomb:2)
  A flying skull (Tomb:2)
  A crocodile (Lair:3)
  A mummy (Tomb:2)
  A plant (Lair:3)
5 creatures vanquished.

Vanquished Creatures (others)
  14 death scarabs (Tomb:2)
  2 skeletal warriors
  A wind drake (Pan)
  4 flying skulls (Tomb:2)
  An ushabti (Tomb:2)
  2 neqoxecs (Pan)
  A human (Snake:3)
  A warg (Vaults:4)
  A jelly (D:10)
  A worker ant (D:8)
  A mummy (Tomb:2)
  An ufetubus (IceCv)
  An orc (Orc:2)
  A goblin (D:3)
  A fungus (Lair:6)
  A lurking horror (Abyss:1)
  15 plants
  9 starspawn tentacles
  18 tentacles
76 creatures vanquished.

Grand Total: 4619 creatures vanquished

Notes
Turn   | Place    | Note
-------+----------+-------------------------------------------
     0 | D:1      | nht the Troll Fighter began the quest for the Orb.
     0 | D:1      | Reached XP level 1. HP: 22/22 MP: 0/0
    53 | D:1      | Reached XP level 2. HP: 29/29 MP: 1/1
   142 | D:1      | Reached skill level 3 in Unarmed Combat
   392 | D:1      | Reached XP level 3. HP: 36/36 MP: 2/2
   711 | D:2      | Reached skill level 4 in Unarmed Combat
   821 | D:2      | Reached XP level 4. HP: 44/44 MP: 3/3
  1023 | D:2      | Found a white marble altar of Elyvilon.
  1096 | D:2      | Found an ancient bone altar of Kikubaaqudgha.
  1096 | D:2      | Found a blossoming altar of Fedhas.
  1100 | D:2      | Found a deep blue altar of Sif Muna.
  1326 | D:3      | Found a stormy altar of Qazlal.
  1423 | D:3      | Reached skill level 5 in Unarmed Combat
  1559 | D:3      | Reached XP level 5. HP: 50/50 MP: 4/4
  1847 | D:3      | Found an iron altar of Okawaru.
  1860 | D:3      | Became a worshipper of Warmaster Okawaru
  2273 | D:4      | Noticed a water moccasin
  2278 | D:4      | Reached skill level 6 in Unarmed Combat
  2280 | D:4      | Killed a water moccasin
  2280 | D:4      | Reached XP level 6. HP: 59/59 MP: 5/5
  2314 | D:4      | Found a sacrificial altar of Ru.
  2381 | D:4      | Found a glowing drain.
  2393 | Sewer    | Entered a sewer
  2401 | Sewer    | Reached skill level 7 in Unarmed Combat
  2691 | Sewer    | Reached * piety under Okawaru
  2691 | Sewer    | Reached XP level 7. HP: 59/66 MP: 6/6
  2777 | D:4      | Reached skill level 8 in Unarmed Combat
  2862 | D:4      | Found a bloodstained altar of Trog.
  3171 | D:4      | Reached ** piety under Okawaru
  3171 | D:4      | Reached skill level 9 in Unarmed Combat
  3377 | D:5      | Entered Level 5 of the Dungeon
  3417 | D:5      | Reached XP level 8. HP: 57/74 MP: 7/7
  3534 | D:5      | Found a staircase to the Ecumenical Temple.
  3539 | D:5      | Noticed Menkaure
  3549 | D:5      | Killed Menkaure
  3549 | D:5      | Reached skill level 1 in Throwing
  3549 | D:5      | Reached skill level 1 in Invocations
  4104 | D:6      | Found Yrelab's Weapon Shoppe.
  4277 | D:6      | Found a radiant altar of Vehumet.
  4305 | D:6      | Reached *** piety under Okawaru
  4757 | D:7      | Reached skill level 10 in Unarmed Combat
  4788 | D:7      | Noticed a hippogriff
  4795 | D:7      | Killed a hippogriff
  4795 | D:7      | Reached XP level 9. HP: 83/83 MP: 9/9
  4873 | D:7      | Found a bloodstained altar of Trog.
  5075 | D:8      | Noticed Pikel
  5089 | D:8      | Killed Pikel
  5089 | D:8      | Reached **** piety under Okawaru
  5246 | D:8      | Noticed Psyche
  5249 | D:8      | Killed Psyche
  5267 | D:8      | Found a staircase to the Lair.
  5324 | D:8      | Found a glowing golden altar of the Shining One.
  5360 | D:8      | Noticed a two-headed ogre
  5366 | D:8      | Killed a two-headed ogre
  5366 | D:8      | Received a gift from Okawaru
  5366 | D:8      | Reached XP level 10. HP: 94/94 MP: 12/12
  5561 | D:8      | Found an ornate altar of the Wu Jian Council.
  5739 | D:8      | Found a basalt altar of Yredelemnul.
  5745 | D:8      | Noticed an angel
  5772 | D:9      | Found a staircase to the Orcish Mines.
  5804 | D:9      | Reached skill level 5 in Shields
  5845 | D:9      | Found Awikh's Distillery.
  5849 | D:9      | Noticed a cyclops
  5855 | D:9      | Killed a cyclops
  5856 | D:9      | Noticed a two-headed ogre
  5866 | D:9      | Killed a two-headed ogre
  5866 | D:9      | Reached ***** piety under Okawaru
  5866 | D:9      | Reached skill level 5 in Fighting
  5866 | D:9      | Reached skill level 5 in Throwing
  5866 | D:9      | Reached skill level 11 in Unarmed Combat
  5875 | D:9      | Bought a potion of haste for 120 gold pieces
  5875 | D:9      | Bought a potion of lignification for 36 gold pieces
  5875 | D:9      | Bought 2 potions of haste for 240 gold pieces
  5875 | D:9      | Bought a potion of curing for 36 gold pieces
  5875 | D:9      | Bought 2 potions of curing for 72 gold pieces
  5875 | D:9      | Bought a potion of berserk rage for 60 gold pieces
  5944 | D:9      | Reached skill level 5 in Invocations
  6313 | D:10     | Entered Level 10 of the Dungeon
  6324 | D:10     | Found Purait's Book Shoppe.
  6538 | D:10     | Received a gift from Okawaru
  6542 | D:10     | Got a translucent hat {god gift}
  6548 | D:10     | Identified the +2 hat "Vigaufos" {Str+7} (Okawaru gifted it to you on level 10 of the Dungeon)
  6754 | D:10     | Reached XP level 11. HP: 100/104 MP: 14/14
  6858 | D:10     | Noticed a two-headed ogre
  6863 | D:10     | Killed a two-headed ogre
  7580 | D:11     | Noticed a centaur warrior
  7591 | D:11     | Killed a centaur warrior
  7606 | D:11     | Noticed a two-headed ogre
  7627 | D:11     | Killed a two-headed ogre
  7627 | D:11     | Reached skill level 12 in Unarmed Combat
  7748 | D:11     | Noticed an eight-headed hydra
  7754 | D:11     | Killed an eight-headed hydra
  7754 | D:11     | Received a gift from Okawaru
  7755 | D:11     | Got an ancient double sword {god gift}
  7785 | D:11     | Noticed Urug
  7797 | D:11     | Killed Urug
  7906 | D:11     | Identified the +7 double sword of the Eternal Void {flame, Fragile Int+6} (Okawaru gifted it to you on level 11 of the Dungeon)
  8286 | D:12     | Noticed a two-headed ogre
  8361 | D:12     | Found Mynlisoj's Gadget Shoppe.
  8397 | D:12     | Noticed a two-headed ogre
  8448 | D:11     | Received a gift from Okawaru
  8451 | D:11     | Reached XP level 12. HP: 35/115 MP: 13/16
  8559 | D:12     | Killed a two-headed ogre
  8726 | D:12     | Noticed a two-headed ogre
  8734 | D:12     | Killed a two-headed ogre
  8822 | D:12     | Noticed a vampire knight
  8831 | D:12     | Killed a vampire knight
  8831 | D:12     | Reached skill level 13 in Unarmed Combat
  9024 | D:12     | Killed a two-headed ogre
  9043 | D:12     | Noticed a vampire mage
  9052 | D:12     | Killed a vampire mage
  9068 | D:12     | Found an ancient bone altar of Kikubaaqudgha.
  9118 | D:12     | Identified the Tome of Destructive Companions
  9189 | D:12     | Found a shimmering altar of Xom.
  9218 | D:13     | Noticed a tengu warrior
  9231 | D:13     | Killed a tengu warrior
  9231 | D:13     | Received a gift from Okawaru
  9250 | D:13     | Reached XP level 13. HP: 92/124 MP: 12/18
  9580 | D:12     | Reached skill level 14 in Unarmed Combat
  9938 | D:13     | Found a gate to the Vaults.
  9961 | D:13     | Received a gift from Okawaru
  9986 | D:13     | Reached ****** piety under Okawaru
 10008 | D:13     | Got a polished scarf {god gift}
 10196 | D:13     | Identified the scarf of Kalay {rElec Dex+3} (Okawaru gifted it to you on level 13 of the Dungeon)
 10313 | D:13     | Found a shimmering altar of Xom.
 10689 | Lair:1   | Entered Level 1 of the Lair of Beasts
 11418 | Lair:2   | Noticed Sonja
 11440 | Lair:2   | Killed Sonja
 11518 | Lair:2   | Found a staircase to the Shoals.
 12319 | Lair:3   | Found a staircase to the Snake Pit.
 12766 | Lair:3   | Received a gift from Okawaru
 12776 | Lair:3   | Reached skill level 15 in Unarmed Combat
 12776 | Lair:3   | Reached XP level 14. HP: 72/137 MP: 19/19
 14591 | Lair:6   | Entered Level 6 of the Lair of Beasts
 14746 | Lair:6   | Found a large runed door.
 15066 | Lair:6   | Received a gift from Okawaru
 15075 | Lair:6   | Found a staircase to the Slime Pits.
 15076 | Lair:6   | Found a viscous altar of Jiyva.
 15465 | Lair:6   | Received a gift from Okawaru
 15472 | Lair:6   | Got a fine large shield {god gift}
 15478 | Lair:6   | Identified the +6 large shield "Oqyomocs" {*Slow MP+9 Str+5 Stlth+} (Okawaru gifted it to you on level 6 of the Lair of Beasts)
 15502 | Lair:6   | Reached skill level 1 in Armour
 15613 | Lair:6   | Found a large runed door.
 15616 | Lair:6   | Reached skill level 10 in Throwing
 16101 | Orc:1    | Entered Level 1 of the Orcish Mines
 16101 | Orc:1    | Found Vuev's Antique Weapon Shoppe.
 16265 | Orc:2    | Entered Level 2 of the Orcish Mines
 16290 | Orc:1    | Found Kuch's Weapon Boutique.
 16399 | Orc:2    | Noticed an orc warlord
 16433 | Orc:2    | Killed an orc warlord
 16474 | Orc:2    | Reached skill level 10 in Invocations
 16639 | Orc:2    | Noticed Saint Roka
 16657 | Orc:2    | Killed Saint Roka
 16657 | Orc:2    | Reached skill level 16 in Unarmed Combat
 16657 | Orc:2    | Reached XP level 15. HP: 123/146 MP: 21/21
 16731 | Orc:1    | Found Tekyci's General Store.
 16834 | Orc:1    | Bought 2 potions of resistance for 300 gold pieces
 16963 | Orc:2    | Found a staircase to the Elven Halls.
 16965 | Orc:2    | Noticed Nessos
 16973 | Orc:2    | Killed Nessos
 16973 | Orc:2    | Received a gift from Okawaru
 16974 | Orc:2    | Got dazzling acid dragon scales {god gift}
 17025 | Orc:1    | Identified the +5 acid dragon scales of Sodghitaapt {Regen+ rCorr Dex+3 Slay-3 Stlth+} (Okawaru gifted it to you on level 2 of the Orcish Mines)
 17080 | Orc:2    | Found a roughly hewn altar of Beogh.
 17080 | Orc:2    | Noticed Blork the orc
 17099 | Orc:2    | Killed Blork the orc
 17153 | Orc:2    | Found Avvaaff's Antique Weapon Shoppe.
 17162 | Orc:2    | Found Ytzar's General Store.
 17182 | Orc:2    | Found Iryckuiz's Antique Armour Shoppe.
 17246 | Orc:2    | Bought a scroll of identify for 22 gold pieces
 17246 | Orc:2    | Bought a potion of heal wounds for 55 gold pieces
 17341 | Orc:2    | Found Puiraz's Book Shoppe.
 17661 | D:11     | Got a wizard robe {god gift}
 17672 | D:11     | Identified the +1 robe "Wugufips" {rC+ MR+ MP-9 Str+8} (Okawaru gifted it to you on level 11 of the Dungeon)
 17739 | D:10     | Bought a manual of Throwing for 1435 gold pieces
 18003 | D:14     | Noticed Rupert
 18007 | D:14     | Paralysed by Rupert for 6 turns
 18027 | D:14     | Killed Rupert
 18796 | D:15     | Entered Level 15 of the Dungeon
 18988 | D:15     | Received a gift from Okawaru
 19033 | D:15     | Identified a scroll of acquirement
 19311 | D:15     | Received a gift from Okawaru
 19354 | D:15     | Found a staircase to the Depths.
 20042 | Snake:1  | Entered Level 1 of the Snake Pit
 20088 | Snake:1  | Received a gift from Okawaru
 20097 | Snake:1  | Got a transparent falchion {god gift}
 20143 | Snake:1  | Reached skill level 15 in Throwing
 20221 | Snake:2  | Reached XP level 16. HP: 90/156 MP: 22/22
 20386 | Snake:2  | Received a gift from Okawaru
 20480 | Snake:2  | Found Huowioff's Armour Boutique.
 20688 | Snake:1  | Received a gift from Okawaru
 20898 | Snake:1  | Found Naveraag's Gadget Shoppe.
 20898 | Snake:1  | Found Xumaiq's Jewellery Boutique.
 20912 | Snake:1  | Found Ilighie's Jewellery Boutique.
 20925 | Snake:1  | Bought the ring "Belecuzo" {rF+ rC+ rN+ Str+4 Dex+4} for 780 gold pieces
 21320 | Snake:3  | Noticed Nikola
 21331 | Snake:3  | Killed Nikola
 21341 | Snake:3  | Noticed Kirke
 21346 | Snake:3  | Killed Kirke
 21497 | Snake:3  | Received a gift from Okawaru
 21654 | Snake:3  | Found Watoxobi's Gadget Shoppe.
 21657 | Snake:3  | Reached skill level 10 in Shields
 21735 | Snake:3  | Received a gift from Okawaru
 21738 | Snake:3  | Reached skill level 10 in Fighting
 21742 | Snake:3  | Reached skill level 17 in Unarmed Combat
 21887 | Snake:4  | Entered Level 4 of the Snake Pit
 21923 | Snake:4  | Reached skill level 5 in Armour
 22032 | Snake:4  | Received a gift from Okawaru
 22348 | Snake:4  | Reached XP level 17. HP: 153/166 MP: 23/23
 22412 | Snake:4  | Received a gift from Okawaru
 22670 | Snake:4  | Got a serpentine rune of Zot
 22788 | Snake:4  | Reached skill level 18 in Unarmed Combat
 23227 | Shoals:1 | Entered Level 1 of the Shoals
 23250 | Shoals:1 | Received a gift from Okawaru
 23376 | Shoals:1 | Found Lekoq's Food Shop.
 23499 | Shoals:1 | Received a gift from Okawaru
 23892 | Shoals:2 | Noticed a kraken
 23903 | Shoals:2 | Killed a kraken
 24343 | Shoals:2 | Received a gift from Okawaru
 24364 | Shoals:2 | Found an ancient bone altar of Kikubaaqudgha.
 24550 | Shoals:3 | Noticed Polyphemus
 24551 | Shoals:3 | Reached XP level 18. HP: 179/179 MP: 24/24
 24565 | Shoals:3 | Received a gift from Okawaru
 24577 | Shoals:3 | Killed Polyphemus
 24608 | Shoals:3 | Noticed Ilsuiw
 24638 | Shoals:3 | Killed Ilsuiw
 25104 | Shoals:4 | Entered Level 4 of the Shoals
 25131 | Shoals:4 | Reached skill level 19 in Unarmed Combat
 25188 | Shoals:4 | Got a barnacled rune of Zot
 25362 | Shoals:4 | Found a frozen archway.
 25410 | IceCv    | Entered an ice cave
 25720 | IceCv    | Noticed an Ice Fiend
 25751 | IceCv    | Killed an Ice Fiend
 26094 | Shoals:4 | Received a gift from Okawaru
 26180 | Shoals:4 | Received a gift from Okawaru
 26522 | Shoals:4 | Received a gift from Okawaru
 26545 | Shoals:4 | Received a gift from Okawaru
 26747 | Shoals:1 | Received a gift from Okawaru
 26750 | Shoals:1 | Got an iridescent fustibalus {god gift}
 26751 | Shoals:1 | Identified the +11 fustibalus of Eternal Harmony {speed, MR- Int+4 Dex+9 Stlth-} (Okawaru gifted it to you on level 1 of the Shoals)
 27894 | Elf:1    | Entered Level 1 of the Elven Halls
 28175 | Elf:1    | Reached XP level 19. HP: 185/185 MP: 25/25
 28885 | Elf:2    | Found an ancient bone altar of Kikubaaqudgha.
 28930 | Elf:2    | Received a gift from Okawaru
 29091 | Elf:2    | Noticed Donald
 29101 | Elf:2    | Killed Donald
 29139 | Elf:2    | Found a runed gate.
 29143 | Elf:2    | Found a runed gate.
 29143 | Elf:2    | Found a runed gate.
 29172 | Elf:2    | Received a gift from Okawaru
 29298 | Elf:2    | Found Zoicly's General Store.
 29330 | Elf:2    | Bought a potion of agility for 48 gold pieces
 29330 | Elf:2    | Bought 2 potions of flight for 72 gold pieces
 29531 | Elf:2    | Noticed Azrael
 29551 | Elf:2    | Killed Azrael
 29699 | Elf:2    | Noticed Jorgrun
 29705 | Elf:2    | Killed Jorgrun
 29705 | Elf:2    | Received a gift from Okawaru
 30127 | Elf:3    | Entered Level 3 of the Elven Halls
 30405 | Elf:3    | Noticed Roxanne
 30416 | Elf:3    | Killed Roxanne
 30416 | Elf:3    | Received a gift from Okawaru
 30696 | Elf:3    | Reached skill level 20 in Unarmed Combat
 30696 | Elf:3    | Reached XP level 20. HP: 181/196 MP: 26/26
 30700 | Elf:3    | Received a gift from Okawaru
 30701 | Elf:3    | Got an encrusted large shield {god gift}
 30703 | Elf:3    | Identified the +2 large shield "Igohuclu" {*Corrode Dex+9} (Okawaru gifted it to you on level 3 of the Elven Halls)
 30786 | Elf:3    | Got a wavering graven amulet
 30839 | Elf:3    | Identified the amulet "Qimeig" {Faith rF+ Str+3 Int+2 Slay-4} (You took it off a deep elf knight on level 3 of the Elven Halls)
 30890 | Elf:3    | Identified the ring "Vutohoi" {Int+5 Stlth-} (You took it off a deep elf demonologist on level 3 of the Elven Halls)
 30913 | Elf:3    | Identified the amulet "Xestrovvi" {Gourm rC+ MR+} (You took it off a deep elf archer on level 3 of the Elven Halls)
 31023 | Elf:3    | Identified Ocwidgh's Handbook of Shifting Combat Magic
 31413 | Depths:1 | Entered Level 1 of the Depths
 31679 | Depths:1 | Found a one-way gate leading to the halls of Pandemonium.
 31680 | Depths:1 | Gained mutation: You are dopey. (Int -2) [a neqoxec]
 31689 | Depths:1 | Gained mutation: You are clumsy. (Dex -2) [a neqoxec]
 31690 | Depths:1 | Received a gift from Okawaru
 32079 | Depths:1 | Received a gift from Okawaru
 32139 | Depths:1 | Found a gateway to Hell.
 32391 | Depths:1 | Reached skill level 15 in Fighting
 32795 | Depths:1 | Found a sparkling altar of Nemelex Xobeh.
 32889 | Depths:2 | Noticed Sojobo
 32912 | Depths:2 | Killed Sojobo
 32915 | Depths:2 | Reached XP level 21. HP: 222/222 MP: 27/27
 33182 | Depths:2 | Noticed a caustic shrike
 33194 | Depths:2 | Killed a caustic shrike
 33199 | Depths:2 | Received a gift from Okawaru
 33653 | Depths:3 | Received a gift from Okawaru
 33868 | Depths:3 | Found Ozoafia's Distillery.
 33870 | Depths:3 | Found Loaplus's Gadget Shop.
 33872 | Depths:3 | Found Hysinoupn's Antique Armour Boutique.
 33877 | Depths:3 | Bought a potion of heal wounds for 110 gold pieces
 33877 | Depths:3 | Bought a potion of haste for 220 gold pieces
 33877 | Depths:3 | Bought a potion of heal wounds for 110 gold pieces
 33877 | Depths:3 | Bought a potion of might for 88 gold pieces
 33877 | Depths:3 | Bought a potion of agility for 88 gold pieces
 33877 | Depths:3 | Bought a potion of heal wounds for 110 gold pieces
 33877 | Depths:3 | Bought a potion of agility for 88 gold pieces
 33877 | Depths:3 | Bought a potion of curing for 66 gold pieces
 33877 | Depths:3 | Bought a potion of agility for 88 gold pieces
 33877 | Depths:3 | Bought a potion of heal wounds for 110 gold pieces
 33906 | Depths:3 | Found a gateway to a ziggurat.
 33980 | Depths:3 | Received a gift from Okawaru
 34023 | Depths:3 | Identified the +1 robe of the Evil One {Str+7} (Okawaru gifted it to you on level 3 of the Depths)
 34068 | Depths:3 | Noticed a juggernaut
 34078 | Depths:3 | Killed a juggernaut
 34346 | Depths:3 | Found a one-way gate to the infinite horrors of the Abyss.
 34498 | Depths:3 | Found Arazxis's Blood Bar.
 34812 | Depths:4 | Reached skill level 10 in Armour
 34837 | Depths:4 | Reached skill level 21 in Unarmed Combat
 34952 | Depths:4 | Reached XP level 22. HP: 235/235 MP: 29/29
 35016 | Depths:4 | Noticed a caustic shrike
 35022 | Depths:4 | Killed a caustic shrike
 35033 | Depths:4 | Noticed a golden dragon
 35034 | Depths:4 | Received a gift from Okawaru
 35039 | Depths:4 | Killed a golden dragon
 35059 | Depths:4 | Received a gift from Okawaru
 35081 | Depths:4 | Noticed a golden dragon
 35087 | Depths:4 | Killed a golden dragon
 35654 | Depths:4 | Reached skill level 22 in Unarmed Combat
 35844 | Depths:5 | Entered Level 5 of the Depths
 35844 | Depths:5 | Noticed a juggernaut
 35851 | Depths:5 | Killed a juggernaut
 36031 | Depths:5 | Received a gift from Okawaru
 36229 | Depths:5 | Found a gate to the Realm of Zot.
 36679 | Depths:5 | Noticed a caustic shrike
 36679 | Depths:5 | Noticed a caustic shrike
 36685 | Depths:5 | Noticed a caustic shrike
 36688 | Depths:5 | Noticed a caustic shrike
 36698 | Depths:5 | Killed a caustic shrike
 36698 | Depths:5 | Received a gift from Okawaru
 36698 | Depths:5 | Reached XP level 23. HP: 229/242 MP: 30/30
 36705 | Depths:5 | Killed a caustic shrike
 36716 | Depths:5 | Reached skill level 23 in Unarmed Combat
 36718 | Depths:5 | Killed a caustic shrike
 36719 | Depths:5 | Killed a caustic shrike
 37323 | Vaults:1 | Entered Level 1 of the Vaults
 37440 | Vaults:1 | Received a gift from Okawaru
 37654 | Vaults:1 | Received a gift from Okawaru
 38330 | Vaults:1 | Found Janauroj's Antique Armour Boutique.
 38689 | Vaults:2 | Received a gift from Okawaru
 38863 | Vaults:2 | Found Fiho Qos's Weapon Emporium.
 39331 | Vaults:2 | Found a staircase to the Crypt.
 39437 | Vaults:2 | Reached skill level 24 in Unarmed Combat
 39531 | Vaults:2 | Reached skill level 15 in Shields
 39588 | Vaults:2 | Found Duwut's General Store.
 39603 | Vaults:2 | Bought a potion of curing for 39 gold pieces
 39603 | Vaults:2 | Bought a potion of curing for 39 gold pieces
 39604 | Vaults:2 | Found Vedysm's Weapon Boutique.
 39625 | Vaults:2 | Found Nusedo Othrul's Antique Weapon Boutique.
 39703 | Vaults:3 | Noticed braks's ghost (adept DsGl)
 39718 | Vaults:3 | Killed braks's ghost
 39728 | Vaults:3 | Reached XP level 24. HP: 244/252 MP: 30/30
 39731 | Vaults:3 | Received a gift from Okawaru
 40603 | Vaults:3 | Received a gift from Okawaru
 40636 | Vaults:3 | Identified the +1 robe "Ifala" {rPois MR+} (Okawaru gifted it to you on level 3 of the Vaults)
 41664 | Vaults:4 | Noticed Kenran's ghost (adept MiSk)
 41677 | Vaults:4 | Killed Kenran's ghost
 42343 | Vaults:5 | Entered Level 5 of the Vaults
 42392 | Vaults:5 | Received a gift from Okawaru
 42405 | Vaults:5 | Identified Sibbe's Volume of Scorching Combat Magic
 42411 | Vaults:5 | Identified the Volume of the Feathery Escort
 42500 | Vaults:5 | Received a gift from Okawaru
 42544 | Vaults:5 | Received a gift from Okawaru
 42544 | Vaults:5 | Reached XP level 25. HP: 259/262 MP: 30/30
 42592 | Vaults:5 | Reached skill level 25 in Unarmed Combat
 43190 | Vaults:5 | Noticed an ancient lich
 43192 | Vaults:5 | Killed an ancient lich
 43192 | Vaults:5 | Received a gift from Okawaru
 43202 | Vaults:5 | Received a gift from Okawaru
 43254 | Vaults:5 | Got a silver rune of Zot
 43721 | Vaults:5 | Received a gift from Okawaru
 43751 | Vaults:5 | Got a flickering turquoise ring
 43752 | Vaults:5 | Identified the ring of the Wishes {rN+ Stlth-} (You took it off a vault warden on level 5 of the Vaults)
 43766 | Vaults:5 | Identified the Guide on Shape Shifting and Attacks
 44000 | Vaults:1 | Bought the +3 crown of Dyrovepreva {rElec Int+2 SInv} for 1863 gold pieces
 44244 | Zot:1    | Entered Level 1 of the Realm of Zot
 44275 | Zot:1    | Received a gift from Okawaru
 44302 | Zot:1    | Reached XP level 26. HP: 164/274 MP: 1/30
 44382 | Zot:1    | Received a gift from Okawaru
 44584 | Zot:1    | Noticed an orb of fire
 44592 | Zot:1    | Gained mutation: Scrolls take you a little longer to read. [an orb of fire]
 44594 | Zot:1    | Lost mutation: You are clumsy. (Dex -2) [an orb of fire]
 44598 | Zot:1    | Killed an orb of fire
 44636 | Zot:1    | Reached skill level 26 in Unarmed Combat
 45071 | Zot:2    | Received a gift from Okawaru
 45663 | Zot:2    | Received a gift from Okawaru
 45795 | Zot:3    | Noticed an orb of fire
 45797 | Zot:3    | Gained mutation: You are frail. (-10% HP) [an orb of fire]
 45809 | Zot:3    | Killed an orb of fire
 45832 | Zot:3    | Received a gift from Okawaru
 45919 | Zot:3    | Received a gift from Okawaru
 46221 | Zot:3    | Received a gift from Okawaru
 46478 | Zot:4    | Got a warped steel ring
 46482 | Zot:4    | Identified the ring of Tivvojes {Wiz rElec rPois rF- SInv} (You found it on level 4 of the Realm of Zot)
 46739 | Zot:4    | Reached XP level 27. HP: 256/256 MP: 30/30
 46771 | Zot:4    | Received a gift from Okawaru
 47409 | Zot:5    | Entered Level 5 of the Realm of Zot
 47568 | Zot:5    | Received a gift from Okawaru
 47576 | Zot:5    | Reached skill level 27 in Unarmed Combat
 47596 | Zot:5    | Identified the +1 robe of the Flute {rF+ MR+} (Okawaru gifted it to you on level 5 of the Realm of Zot)
 48248 | D:8      | Fell from the grace of Okawaru
 48248 | D:8      | Became a worshipper of the Shining One
 48455 | Crypt:1  | Entered Level 1 of the Crypt
 48491 | Crypt:1  | Reached * piety under the Shining One
 48820 | Crypt:1  | Reached ** piety under the Shining One
 48919 | Crypt:1  | Noticed Xtahua
 48927 | Crypt:1  | Killed Xtahua
 49065 | Crypt:1  | Reached *** piety under the Shining One
 49259 | Crypt:1  | Reached **** piety under the Shining One
 49723 | Crypt:1  | Reached ***** piety under the Shining One
 50339 | Crypt:3  | Entered Level 3 of the Crypt
 50357 | Crypt:3  | Reached ****** piety under the Shining One
 50639 | Crypt:3  | Noticed an ancient lich
 50644 | Crypt:3  | Killed an ancient lich
 50646 | Crypt:3  | Found a basalt altar of Yredelemnul.
 50904 | Crypt:3  | Found a staircase to the Tomb.
 52192 | Depths:1 | Lost mutation: You are dopey. (Int -2) [potion of mutation]
 52192 | Depths:1 | Lost mutation: You are frail. (-10% HP) [potion of mutation]
 52192 | Depths:1 | Gained mutation: You have a pair of small horns on your head. [potion of mutation]
 52192 | Depths:1 | Gained mutation: Your body sometimes deteriorates upon taking damage. [potion of mutation]
 52192 | Depths:1 | Gained mutation: You are resistant to hostile enchantments. (MR+) [potion of mutation]
 52193 | Depths:1 | Lost mutation: Your body sometimes deteriorates upon taking damage. [potion of mutation]
 52193 | Depths:1 | Lost mutation: Scrolls take you a little longer to read. [potion of mutation]
 52193 | Depths:1 | Lost mutation: You have a pair of small horns on your head. [potion of mutation]
 52193 | Depths:1 | Lost mutation: You are resistant to hostile enchantments. (MR+) [potion of mutation]
 52193 | Depths:1 | Gained mutation: You are resistant to hostile enchantments. (MR+) [potion of mutation]
 52193 | Depths:1 | Gained mutation: You possess an exceptional clarity of mind. [potion of mutation]
 52462 | Depths:3 | Gained mutation: You are frail. (-10% HP) [a shining eye]
 53547 | Shoals:4 | Reached skill level 15 in Armour
 53803 | Snake:1  | Bought the ring of Robustness {AC+8} for 2048 gold pieces
 54112 | Pan      | Entered Pandemonium
 54354 | Pan      | Found an exit through the horrors of the Abyss.
 54440 | Pan      | Noticed Fusot the pandemonium lord
 54454 | Pan      | Killed Fusot the pandemonium lord
 55189 | Pan      | Found an exit through the horrors of the Abyss.
 55283 | Pan      | Noticed Zuahiujiro the pandemonium lord
 55295 | Pan      | Killed Zuahiujiro the pandemonium lord
 55796 | Pan      | Found an exit through the horrors of the Abyss.
 55839 | Pan      | Noticed Mupy the pandemonium lord
 55858 | Pan      | Killed Mupy the pandemonium lord
 55928 | Pan      | Identified the amulet "Bergh" {Harm *Drain MP+9} (You acquired it in Pandemonium)
 56482 | Pan      | Gained mutation: You are dopey. (Int -2) [a neqoxec]
 56896 | Pan      | Found an exit through the horrors of the Abyss.
 57498 | Pan      | Gained mutation: You are very dopey. (Int -4) [a neqoxec]
 57540 | Pan      | Gained mutation: Scrolls take you a little longer to read. [a neqoxec]
 57830 | Pan      | Found an exit through the horrors of the Abyss.
 58263 | Pan      | Lost mutation: You are frail. (-10% HP) [potion of mutation]
 58263 | Pan      | Lost mutation: You possess an exceptional clarity of mind. [potion of mutation]
 58263 | Pan      | Lost mutation: You are resistant to hostile enchantments. (MR+) [potion of mutation]
 58263 | Pan      | Lost mutation: Scrolls take you a little longer to read. [potion of mutation]
 58263 | Pan      | Lost mutation: You are very dopey. (Int -4) [potion of mutation]
 58263 | Pan      | Gained mutation: You occasionally shout uncontrollably at your foes. [potion of mutation]
 58263 | Pan      | Gained mutation: Scrolls take you a little longer to read. [potion of mutation]
 58263 | Pan      | Gained mutation: Your system is resistant to poisons. (rPois) [potion of mutation]
 58264 | Pan      | Lost mutation: You are dopey. (Int -2) [potion of mutation]
 58264 | Pan      | Gained mutation: You sometimes yell uncontrollably at your foes. [potion of mutation]
 58264 | Pan      | Gained mutation: You have a beak for a mouth. [potion of mutation]
 58280 | Pan      | Noticed Berab the pandemonium lord
 58288 | Pan      | Killed Berab the pandemonium lord
 58636 | Pan      | Found an exit through the horrors of the Abyss.
 59099 | Pan      | Noticed Yrowusso the pandemonium lord
 59108 | Pan      | HP: 12/292 [Yrowusso the pandemonium lord (3)]
 59114 | Pan      | HP: 11/292 [infernal warmonger/demon blade of venom[Yrowusso] (21)]
 59114 | Pan      | HP: 2/292 [infernal warmonger/demon blade of venom[Yrowusso] (9)]
 59176 | Pan      | Killed Yrowusso the pandemonium lord
 59629 | Pan      | Noticed Mennas
 59633 | Pan      | Gained mutation: Scrolls take you longer to read. [a neqoxec]
 59643 | Pan      | Killed Mennas
 59721 | Pan      | Noticed Jeikheah the pandemonium lord
 59728 | Pan      | Killed Jeikheah the pandemonium lord
 59966 | Pan      | Found an exit through the horrors of the Abyss.
 60291 | Pan      | Found an exit through the horrors of the Abyss.
 60546 | Pan      | Noticed Laac the pandemonium lord
 60556 | Pan      | Killed Laac the pandemonium lord
 60595 | Pan      | Was forgiven by Okawaru
 60980 | Depths:1 | Escaped Pandemonium
 61218 | Crypt:1  | Lost mutation: Scrolls take you longer to read. [potion of mutation]
 61218 | Crypt:1  | Lost mutation: Scrolls take you a little longer to read. [potion of mutation]
 61218 | Crypt:1  | Lost mutation: Your system is resistant to poisons. (rPois) [potion of mutation]
 61218 | Crypt:1  | Lost mutation: You have a beak for a mouth. [potion of mutation]
 61218 | Crypt:1  | Gained mutation: You are dopey. (Int -2) [potion of mutation]
 61218 | Crypt:1  | Gained mutation: Your flesh is heat resistant. (rF+) [potion of mutation]
 61218 | Crypt:1  | Gained mutation: Your spells are a little harder to cast, but a little more powerful. [potion of mutation]
 61342 | Tomb:1   | Entered Level 1 of the Tomb of the Ancients
 61699 | Tomb:1   | Noticed an ancient lich
 61703 | Tomb:1   | Killed an ancient lich
 61738 | Tomb:1   | Noticed an ancient lich
 61739 | Tomb:1   | Killed an ancient lich
 62217 | Tomb:2   | Noticed a greater mummy
 62227 | Tomb:2   | Killed a greater mummy
 62231 | Tomb:2   | Noticed a greater mummy
 62233 | Tomb:2   | Noticed a greater mummy
 62233 | Tomb:2   | Noticed a greater mummy
 62240 | Tomb:2   | Noticed a greater mummy
 62260 | Tomb:2   | Killed a greater mummy
 62450 | Tomb:2   | Mandevil: cleansing flame!
 62454 | Tomb:2   | Killed a greater mummy
 62456 | Tomb:2   | Killed a greater mummy
 62465 | Tomb:2   | this pois
 62468 | Tomb:2   | Killed a greater mummy
 62698 | Tomb:2   | Mandevil: You can spam CF like there's no tomorrow.
 62708 | Tomb:2   | might want more invocations in that case
 62738 | Tomb:2   | Mandevil: Yes, you want as much invoc as possible
 62995 | Tomb:1   | Noticed a greater mummy
 63002 | Tomb:1   | Killed a greater mummy
 63024 | Tomb:1   | Noticed a greater mummy
 63035 | Tomb:1   | jeez
 63044 | Tomb:1   | Killed a greater mummy
 63045 | Tomb:1   | Noticed a greater mummy
 63051 | Tomb:1   | Killed a greater mummy
 63229 | Tomb:1   | Noticed a greater mummy
 63236 | Tomb:1   | Killed a greater mummy
 63240 | Tomb:1   | Noticed a greater mummy
 63254 | Tomb:1   | Killed a greater mummy
 63283 | Tomb:1   | Noticed a greater mummy
 63285 | Tomb:1   | Noticed a greater mummy
 63285 | Tomb:1   | Mandevil: Not sure doing Tomb:3 is good idea at this point.
 63290 | Tomb:1   | Killed a greater mummy
 63291 | Tomb:1   | Killed a greater mummy
 63291 | Tomb:1   | Reached skill level 15 in Invocations
 63296 | Tomb:1   | can do pan first
 63341 | Tomb:1   | Noticed a greater mummy
 63354 | Tomb:1   | Killed a greater mummy
 63375 | Tomb:1   | Noticed a greater mummy
 63381 | Tomb:1   | Killed a greater mummy
 63384 | Tomb:1   | Noticed a greater mummy
 63389 | Tomb:1   | Killed a greater mummy
 63411 | Tomb:1   | Noticed a greater mummy
 63415 | Tomb:1   | Killed a greater mummy
 63416 | Tomb:1   | Noticed a greater mummy
 63420 | Tomb:1   | Noticed a greater mummy
 63423 | Tomb:1   | Killed a greater mummy
 63424 | Tomb:1   | Noticed a greater mummy
 63426 | Tomb:1   | Noticed a greater mummy
 63429 | Tomb:1   | Killed a greater mummy
 63432 | Tomb:1   | Killed a greater mummy
 63439 | Tomb:1   | Killed a greater mummy
 63475 | Tomb:1   | Noticed a greater mummy
 63486 | Tomb:1   | Killed a greater mummy
 63620 | Tomb:2   | come back to it
 64411 | Elf:3    | Learned a level 6 spell: Statue Form
 65044 | Vaults:5 | Reached skill level 1 in Spellcasting
 65380 | Pan      | Entered Pandemonium
 65515 | Pan      | Gained mutation: You tend to lose your temper in combat. [a cacodemon]
 65518 | Pan      | Gained mutation: Your body often deteriorates upon taking damage. [a cacodemon]
 65566 | Pan      | Found an exit through the horrors of the Abyss.
 65593 | Pan      | Reached skill level 1 in Translocations
 65607 | Pan      | Reached skill level 5 in Spellcasting
 65683 | Pan      | Reached skill level 5 in Translocations
 65759 | Pan      | Lost mutation: You are dopey. (Int -2) [potion of mutation]
 65759 | Pan      | Lost mutation: Your body sometimes deteriorates upon taking damage. [potion of mutation]
 65759 | Pan      | Lost mutation: Your spells are a little harder to cast, but a little more powerful. [potion of mutation]
 65759 | Pan      | Lost mutation: You sometimes yell uncontrollably at your foes. [potion of mutation]
 65759 | Pan      | Gained mutation: You have very sharp teeth. [potion of mutation]
 65759 | Pan      | Gained mutation: Scrolls take you a little longer to read. [potion of mutation]
 65759 | Pan      | Gained mutation: You are partially covered in icy blue scales. (AC +2) [potion of mutation]
 65760 | Pan      | Lost mutation: Scrolls take you a little longer to read. [potion of mutation]
 65760 | Pan      | Lost mutation: You tend to lose your temper in combat. [potion of mutation]
 65760 | Pan      | Lost mutation: You are partially covered in icy blue scales. (AC +2) [potion of mutation]
 65760 | Pan      | Lost mutation: Your flesh is heat resistant. (rF+) [potion of mutation]
 65760 | Pan      | Gained mutation: You are partially covered in slimy green scales. (AC +2) [potion of mutation]
 65760 | Pan      | Gained mutation: You are resistant to hostile enchantments. (MR+) [potion of mutation]
 65760 | Pan      | Gained mutation: You have large cloven feet. [potion of mutation]
 66329 | Pan      | Entered the realm of Lom Lobon.
 66569 | Pan      | Found an exit through the horrors of the Abyss.
 67085 | Pan      | Reached skill level 10 in Translocations
 67090 | Pan      | Noticed Lom Lobon
 67102 | Pan      | Got a magical rune of Zot
 67148 | Pan      | Killed Lom Lobon
 67148 | Pan      | Reached skill level 1 in Transmutations
 67148 | Pan      | Reached skill level 1 in Earth Magic
 67543 | Pan      | Found an exit through the horrors of the Abyss.
 67603 | Pan      | Noticed Laaqaedo the pandemonium lord
 67609 | Pan      | Killed Laaqaedo the pandemonium lord
 67614 | Pan      | Reached skill level 5 in Earth Magic
 68032 | Pan      | Entered the realm of Mnoleg.
 68051 | Pan      | Found an exit through the horrors of the Abyss.
 68101 | Pan      | Reached skill level 5 in Transmutations
 68104 | Pan      | Paralysed by a floating eye for 3 turns
 68123 | Pan      | Noticed Mnoleg
 68145 | Pan      | Gained mutation: Your magical capacity is low. (-10% MP) [a cacodemon]
 68148 | Pan      | Killed Mnoleg
 68163 | Pan      | Gained mutation: Your spells are a little easier to cast, but a little less powerful. [a neqoxec]
 68191 | Pan      | Gained mutation: You are clumsy. (Dex -2) [a neqoxec]
 68602 | Pan      | Learned a level 2 spell: Blink
 68606 | Pan      | Learned a level 3 spell: Lesser Beckoning
 68611 | Pan      | Learned a level 4 spell: Passage of Golubria
 68686 | Pan      | Lost mutation: Your spells are a little easier to cast, but a little less powerful. [a cacodemon]
 68923 | Pan      | Got a glowing rune of Zot
 69340 | Pan      | Noticed Qinn the pandemonium lord
 69355 | Pan      | Killed Qinn the pandemonium lord
 69391 | Pan      | Paralysed by an eldritch tentacle for 3 turns
 69432 | Pan      | Gained mutation: You are frail. (-10% HP) [a neqoxec]
 69434 | Pan      | Gained mutation: Scrolls take you a little longer to read. [a neqoxec]
 69439 | Pan      | Found an exit through the horrors of the Abyss.
 70266 | Pan      | Gained mutation: You are very clumsy. (Dex -4) [a neqoxec]
 70282 | Pan      | Gained mutation: You are very frail. (-20% HP) [a neqoxec]
 70304 | Pan      | Noticed Mauxeomn the pandemonium lord
 70325 | Pan      | Killed Mauxeomn the pandemonium lord
 70417 | Pan      | Lost mutation: Scrolls take you a little longer to read. [potion of mutation]
 70417 | Pan      | Lost mutation: You occasionally shout uncontrollably at your foes. [potion of mutation]
 70417 | Pan      | Lost mutation: You have very sharp teeth. [potion of mutation]
 70417 | Pan      | Lost mutation: Your magical capacity is low. (-10% MP) [potion of mutation]
 70417 | Pan      | Lost mutation: You are very clumsy. (Dex -4) [potion of mutation]
 70417 | Pan      | Lost mutation: You are clumsy. (Dex -2) [potion of mutation]
 70418 | Pan      | Lost mutation: You are very frail. (-20% HP) [potion of mutation]
 70418 | Pan      | Lost mutation: You are resistant to hostile enchantments. (MR+) [potion of mutation]
 70418 | Pan      | Lost mutation: You are frail. (-10% HP) [potion of mutation]
 70418 | Pan      | Lost mutation: You have large cloven feet. [potion of mutation]
 70418 | Pan      | Gained mutation: Armour fits poorly on your strangely shaped body. [potion of mutation]
 70418 | Pan      | Gained mutation: You passively map a small area around you. [potion of mutation]
 70418 | Pan      | Gained mutation: You are covered in thick fur. (AC +2) [potion of mutation]
 70418 | Pan      | Gained mutation: You are partially covered in thin metallic scales. (AC +2) [potion of mutation]
 70624 | Pan      | Found an exit through the horrors of the Abyss.
 70631 | Pan      | Reached skill level 10 in Earth Magic
 71013 | Pan      | Noticed Kinyet the pandemonium lord
 71019 | Pan      | Killed Kinyet the pandemonium lord
 71205 | Pan      | Found an exit through the horrors of the Abyss.
 71215 | Pan      | Gained mutation: Scrolls take you a little longer to read. [a neqoxec]
 71733 | Pan      | Found an exit through the horrors of the Abyss.
 71873 | Pan      | Noticed Icrux the pandemonium lord
 71879 | Pan      | Cast into level 4 of the Abyss (Icrux)
 72100 | Abyss:4  | Reached skill level 10 in Transmutations
 72148 | Abyss:4  | Paralysed by you for 7 turns
 72326 | Pan      | Escaped the Abyss
 72326 | Pan      | Paralysed by Icrux for 7 turns
 72333 | Pan      | jerk
 72516 | Pan      | Lost mutation: You are partially covered in slimy green scales. (AC +2) [potion of mutation]
 72516 | Pan      | Lost mutation: You passively map a small area around you. [potion of mutation]
 72516 | Pan      | Lost mutation: Armour fits poorly on your strangely shaped body. [potion of mutation]
 72516 | Pan      | Lost mutation: Scrolls take you a little longer to read. [potion of mutation]
 72516 | Pan      | Gained mutation: Your movements are slightly less encumbered by armour. (ER -2) [potion of mutation]
 72516 | Pan      | Gained mutation: You occasionally shout uncontrollably at your foes. [potion of mutation]
 72516 | Pan      | Gained mutation: Your magical capacity is low. (-10% MP) [potion of mutation]
 72516 | Pan      | Gained mutation: Your system is resistant to poisons. (rPois) [potion of mutation]
 72565 | Pan      | Noticed Zoistuf the pandemonium lord
 72583 | Pan      | Killed Zoistuf the pandemonium lord
 72644 | Pan      | Got a demonic rune of Zot
 72752 | Pan      | Found an exit through the horrors of the Abyss.
 73130 | Pan      | Found a huge runed gate.
 73660 | Pan      | Noticed Rixuatt the pandemonium lord
 73667 | Pan      | Killed Rixuatt the pandemonium lord
 73810 | Pan      | Found an exit through the horrors of the Abyss.
 73989 | Pan      | Noticed Vunnan the pandemonium lord
 74643 | Pan      | Found an exit through the horrors of the Abyss.
 74827 | Pan      | Noticed Zus Gao the pandemonium lord
 74828 | Pan      | nice name
 74844 | Pan      | Killed Zus Gao the pandemonium lord
 75731 | Pan      | Noticed Dozat the pandemonium lord
 75743 | Pan      | Killed Dozat the pandemonium lord
 75943 | Pan      | Found an exit through the horrors of the Abyss.
 76597 | Pan      | Upgraded the game from 0.21-a0-29-g43b3074 to 0.21-a0-33-g8b44e26
 76654 | Pan      | Reached skill level 15 in Earth Magic
 76710 | Pan      | Found an exit through the horrors of the Abyss.
 77190 | Pan      | Entered the realm of Cerebov.
 77398 | Pan      | Found an exit through the horrors of the Abyss.
 77578 | Pan      | Identified the Catalogue of Boosts
 77582 | Pan      | Identified the amulet "Zuucyig" {Inacc rC+} (You found it in Pandemonium)
 77667 | Pan      | Identified the ring of Beogh's Brutal Revenge {rF+ Int+4} (You found it in Pandemonium)
 77677 | Pan      | Noticed Cerebov
 77719 | Pan      | Killed Cerebov
 77740 | Pan      | Got a fiery rune of Zot
 77791 | Pan      | Took an exit into the Abyss.
 77791 | Abyss:1  | Escaped into the Abyss
 77852 | Abyss:1  | Identified the +1 robe of the Carpenter {rC++ Stlth+} (You found it on level 1 of the Abyss)
 77910 | Abyss:1  | Found a corrupted altar of Lugonu.
 78053 | Depths:1 | Escaped the Abyss
 78058 | Depths:1 | Learned a level 3 spell: Gell's Gravitas
 78064 | Depths:1 | Learned a level 5 spell: Lee's Rapid Deconstruction
 78067 | Depths:1 | Learned a level 2 spell: Passwall
 78071 | Pan      | Entered Pandemonium
 78225 | Pan      | Noticed Nipnoxao the pandemonium lord
 78522 | Pan      | Noticed Aziw the pandemonium lord
 78530 | Pan      | Killed Aziw the pandemonium lord
 78545 | Pan      | Found an exit through the horrors of the Abyss.
 78702 | Pan      | Gained mutation: You expend magic power (3 MP) to strengthen your wands. [a neqoxec]
 79148 | Pan      | Reached skill level 15 in Transmutations
 79181 | Pan      | Noticed Kish the pandemonium lord
 79184 | Pan      | Killed Kish the pandemonium lord
 79262 | Pan      | Found an exit through the horrors of the Abyss.
 80233 | Pan      | Gained mutation: Potions are less effective at restoring your health. [a neqoxec]
 80266 | Pan      | Gained mutation: Your magical capacity is very low. (-20% MP) [a cacodemon]
 80271 | Pan      | Noticed Ethys the pandemonium lord
 80282 | Pan      | Entered the realm of Gloorx Vloq.
 80848 | Pan      | Found an exit through the horrors of the Abyss.
 81073 | Pan      | Noticed Gloorx Vloq
 81080 | Pan      | Killed Gloorx Vloq
 81116 | Pan      | Got a dark rune of Zot
 81299 | Pan      | Took an exit into the Abyss.
 81299 | Abyss:1  | Escaped into the Abyss
 81379 | Depths:1 | Escaped the Abyss
 81399 | Hell     | Entered the Vestibule of Hell
 81399 | Hell     | Noticed Geryon
 81416 | Hell     | Killed Geryon
 81532 | Hell     | Found a gateway to the Iron City of Dis.
 81579 | Hell     | Found a gateway to the freezing wastes of Cocytus.
 81645 | Hell     | Found a gateway to the decaying netherworld of Tartarus.
 81772 | Hell     | Found a gateway to the ashen valley of Gehenna.
 81934 | Coc:1    | Entered Level 1 of Cocytus
 82236 | Coc:7    | Entered Level 7 of Cocytus
 82277 | Coc:7    | HP: 14/383 [blizzard demon (8)]
 82281 | Coc:7    | HP: 6/383 [ice dragon/blast of cold (17)]
 82281 | Coc:7    | Annihilated by a reaper

Vault maps used:
D:1:      onia_arrival_larder
D:2:      minitemple, elyvilon_altar_3, minmay_gold_behind_fungi
D:3:      kennysheep_six_static_rooms, old_standard_altar, grunt_qazlal_clouds,
          serial_undead, serial_undead_b, serial_undead_d, serial_undead_c,
          serial_undead_a, first_bread
D:4:      overflow_temple_1_default, cheibrodos_sewer_entry_sluice,
          trog_three_pillars_becter
D:5:      minmay_temple_entry_grid, glass_columns_b, uniq_menkaure
D:6:      vehumet_crystals, serial_shops, kennysheep_little_box
D:7:      kennysheep_mini
D:8:      grunt_temple_overflow_holy_war, overflow_temple_1_default,
          lair_entry_dummy, uniq_psyche, uniq_pikel
D:9:      orc_0_dummy, serial_shops, shop
D:10:     serial_ice, serial_ice_e, serial_ice_a, serial_ice_g, serial_ice_j,
          serial_shops, nicolae_shop_behind_doors, grunt_ogre_cave,
          grunt_ministairs_9
D:11:     uniq_urug
D:12:     lemuel_vampire_tower, serial_shops, nicolae_shop_window_shopping,
          basic_altar, special_room
D:13:     lightli_vaults_fourway_checkpoint, basic_altar, serial_park_tiny_1
D:14:     minmay_hollow_rounded_squares, uniq_rupert
D:15:     hangedman_depths_entry_try_elsewhere_first, minivault_19, minivault_24
Lair:1:   serial_bayou_shore_a
Lair:2:   beast_lair_carwin_large_3, shoals_dummy_entry, uniq_sonja
Lair:3:   guppyfry_snake_entry_garden, zaba_antful_of_joy, serial_bayou_shore_b,
          minmay_lair_oklob_chamber
Lair:4:   minivault_26, lemuel_fruit_fields
Lair:5:   lemuel_old_faithful
Lair:6:   cheibrodos_lair_end_hotspot, slime_altar_1
Shoals:1: serial_shops, shop_statue, hangedman_shoal_volcano
Shoals:2: lemuel_centaur_altar
Shoals:3: uniq_polyphemus, uniq_ilsuiw
Shoals:4: shoals_end_grunt_ice, shoal_ilsuiw, portal_ice_cave_entry_pillars_2,
          overgrown_statue
Snake:1:  nrook_guardian_serpent_snake_passage, minmay_shop_grove
Snake:2:  cheibrodos_snake_ritualist_ritual, serial_shops, shop
Snake:3:  serial_shops, nicolae_shop_crystal, uniq_nikola, uniq_kirke
Snake:4:  snake_pit, lemuel_fruit_tree
Orc:1:    serial_shops, shop, shop, nicolae_shop_temple_entry_statues_fountains
Orc:2:    grunt_orc_cross, uniq_nessos, uniq_saint_roka
Elf:1:    evilmike_minifort
Elf:2:    serial_shops, nicolae_shop_crystal, basic_altar, uniq_donald,
          uniq_jorgrun, uniq_azrael
Elf:3:    minmay_elf_hall_golems, uniq_roxanne
Vaults:1: vaults_standard_mumra_x, nicolae_vaults_specimen_jars, v_misc_16,
          hangedman_vaults_unwind, vaults_mumra_hex,
          nicolae_vaults_angled_halls, hangedman_vaults_variations,
          vaults_mumra_minichess_inversion, vaults_room_pool,
          nicolae_vaults_windows_and_doors_thing,
          nicolae_vaults_know_your_exits, v_misc_24, grunt_vaults_hallway_short,
          ontoclasm_vaults_claustrophobia, ontoclasm_vaults_shuriken,
          serial_shops, nicolae_shop_crystal
Vaults:2: v_alt_pattern_3, v_alt_pattern_3, ontoclasm_vaults_bender, v_misc_3,
          minmay_crypt_entry_simple_walls, ontoclasm_vaults_ring_large,
          nicolae_vaults_angled_halls, nicolae_vaults_mini_display_case,
          v_misc_13, vaults_room_pool, serial_shops, nicolae_shop_stone, shop,
          shop, nicolae_shop_temple_entry_statues_fountains
Vaults:3: v_misc_4, vaults_dpeg_cross, nicolae_vaults_what_the_h,
          ontoclasm_vaults_eye, nicolae_vaults_little_ls,
          nicolae_vaults_border_crossing, ontoclasm_vaults_twist
Vaults:4: grunt_vaults_funnel, st_cross, ontoclasm_vaults_spin, v_misc_25,
          hangedman_vaults_corner, hangedman_vaults_cutoff, grunt_vaults_twisty,
          hangedman_vaults_snaps, vaults_room_ringed_pool
Crypt:1:  uniq_xtahua
Crypt:3:  cryptofortress_bobbens
Depths:1: lemuel_castle_with_subvaults, rand_demon_pan_entry_5,
          hangedman_decor_slide_cut, pf_hell_entry_tar_spiral,
          nemelex_xobeh_ov_fountains_minmay
Depths:2: minmay_bloctagon_deflated, hangedman_abyss_or_decor_passed,
          hell_entry, nrook_mini_backslash, infiniplex_staircase_star,
          serial_bayou_shore_b, uniq_sojobo
Depths:3: thingy_vault, enter_ziggurat_d, grunt_pan_entry_in_and_out,
          kennysheep_small_spiral, abyss_entry, hell_entry, guppyfry_shop_blood,
          minmay_shop_star
Depths:4: minmay_the_grid_net, abyss_entry_small_statue_room,
          grunt_mini_vestibule
Depths:5: evilmike_zot_entry_argh, chequers_big_river, hell_entry,
          minmay_room_of_horrors
Coc:3:    serial_ice
Coc:5:    door_vault
Coc:7:    coc_hangedman
Zot:1:    grunt_ministairs_11, st_single_dragon_hoard_1
Zot:4:    grunt_ministairs_3, guppyfry_library_mini
Zot:5:    grunt_ministairs_15
Abyss:1:  hangedman_abyss_shoalhut
Abyss:4:  evilmike_abyss_exit_10, evilmike_abyss_rune_siren_acolytes
Pan:      evilmike_mini_pan_pillars_b, evilmike_mini_pan_T,
          nicolae_pan_diamonds, pan_blood_fountain_small,
          nicolae_pan_sigil_itan, pan_captured_pigsty,
          nicolae_pan_lom_lobonic_3, rand_demon_2, evilmike_mini_pan_pillars,
          pan_blood_fountain, nicolae_pan_cerebovesque_4,
          nicolae_pan_strange_glyphs, rand_demon_2, evilmike_mini_pan_doors_b,
          evilmike_mini_pan_branches, uniq_mennas_pan, nicolae_pan_sigil_eeng,
          evilmike_mini_pan_layers, rand_demon_4, pan_blood_fountain_small,
          special_room, lom_lobon_grunt_wind_tunnels,
          nicolae_pan_cerebovesque_1, evilmike_mini_pan_pillars_b,
          pan_blood_fountain_2, mnoleg_grunt_wretched_star,
          evilmike_mini_pan_thingy, nicolae_pan_hourglass,
          evilmike_mini_pan_doors, rand_demon_2, nicolae_pan_glass_arcs,
          nicolae_pan_giant_door, nicolae_pan_diamonds, pan_blood_fountain_2,
          evilmike_mini_pan_corridor, nicolae_pan_sigil_eeng,
          lemuel_hellion_island, evilmike_mini_pan_possible_glass,
          nicolae_pan_lom_lobonic_4, nicolae_pan_sigil_obb, rand_demon_5,
          cerebov, nicolae_pan_lom_lobonic_4, nicolae_pan_sigil_itan,
          rand_demon_6, pan_blood_fountain_small, nicolae_pan_double_arrow,
          nicolae_pan_sigil_itan, grunt_pan_pentagram, nicolae_pan_hourglass,
          gloorx_vloq_grunt, nicolae_pan_lom_lobonic_4
Sewer:    sewer_frog_island_02
IceCv:    ice_cave_caverns_03

Skill      XL: |  1  2  3  4  5  6  7  8  9 10 11 12 13 14 15 16 17 18 19 20 21 22 23 24 25 26 27 |
---------------+----------------------------------------------------------------------------------+-----
Unarmed Combat | 3 4 5 6 7 9 10 11 12 13 15 16 17 18 19 20 21 22 24 25 26 27 | 27.0
Throwing       | 2 4 5 7 8 9 10 15 16 17 20 21 25 | 25.0
Invocations    | 2 4 5 6 8 9 10 11 17 | 17.6
Shields        | 3 4 5 6 7 8 9 10 11 12 13 14 15 16 19 | 19.3
Fighting       | 3 4 5 6 7 8 9 10 11 16 17 18 20 | 20.9
Armour         | 2 3 5 7 8 9 10 11 12 13 16 | 16.6
Spellcasting   | 9 |  9.0
Translocations | 11 | 11.1
Transmutations | 16 | 16.9
Earth Magic    | 19 | 19.5
Dodging        | |  2.4

Action                   |  1- 3 |  4- 6 |  7- 9 | 10-12 | 13-15 | 16-18 | 19-21 | 22-24 | 25-27 || total
-------------------------+-------+-------+-------+-------+-------+-------+-------+-------+-------++-------
Melee: Unarmed           |   138 |   254 |   241 |   608 |  1166 |   961 |   658 |  1412 |  5015 || 10453
       Kick              |       |       |       |       |       |       |       |       |   196 ||   196
       Bite              |       |       |       |       |       |       |       |       |    92 ||    92
       Peck              |       |       |       |       |       |       |       |       |    56 ||    56
 Fire: Fustibalus        |       |       |       |       |       |     6 |       |       |       ||     6
Throw: Javelin           |       |       |     3 |    17 |    28 |   108 |    59 |    51 |   554 ||   820
       Large rock        |       |       |       |       |    23 |   165 |       |       |   243 ||   431
       Tomahawk          |       |       |       |       |    98 |   183 |   853 |   459 |  1071 ||  2664
       Throwing net      |       |       |       |       |       |     1 |       |       |       ||     1
 Cast: Statue Form       |       |       |       |       |       |       |       |       |    11 ||    11
       Passage of Golubr |       |       |       |       |       |       |       |       |     3 ||     3
Invok: Heroism           |       |       |       |    11 |    26 |    12 |    14 |    17 |    16 ||    96
       Finesse           |       |       |       |     1 |     4 |     8 |    11 |     7 |     6 ||    37
       Cleansing Flame   |       |       |       |       |       |       |       |       |     7 ||     7
       Divine Shield     |       |       |       |       |       |       |       |       |     1 ||     1
       Summon Divine War |       |       |       |       |       |       |       |       |     1 ||     1
Evoke: Wand              |       |       |    15 |    13 |    22 |    10 |       |       |     4 ||    64
       Box of beasts     |       |       |       |       |     1 |       |       |       |       ||     1
  Use: Potion            |     1 |     1 |       |     3 |     6 |       |     1 |     3 |    35 ||    50
       Scroll            |       |     6 |     7 |    14 |    11 |     9 |     6 |    11 |    48 ||   112
 Stab: Sleeping          |     1 |       |       |       |     9 |     1 |     4 |       |       ||    15
       Distracted        |     1 |       |       |       |     1 |       |       |     1 |       ||     3
       Invisible         |       |       |       |     3 |       |       |       |       |       ||     3
       Confused          |       |       |       |       |       |     1 |       |       |     1 ||     2
  Eat: Chunk             |    13 |    18 |    25 |    40 |   104 |    65 |    57 |    65 |   281 ||   668
       Fruit             |       |       |       |       |       |    11 |       |       |    49 ||    60
       Bread ration      |       |       |       |       |       |       |       |       |     7 ||     7
Armor: Robe              |    37 |    79 |    53 |    95 |    93 |       |       |       |       ||   357
       Skin              |     7 |       |       |     9 |     8 |       |       |       |   144 ||   168
       Acid dragon scale |       |       |       |       |    27 |       |    27 |    17 |       ||    71
       Swamp dragon scal |       |       |       |       |    13 |   104 |    49 |       |       ||   166
       Gold dragon scale |       |       |       |       |       |       |       |   160 |   972 ||  1132
Dodge: Dodged            |    43 |    67 |    54 |   157 |   199 |   278 |   150 |   232 |   908 ||  2088
Block: Shield            |    63 |   124 |   100 |   374 |   354 |     1 |       |       |       ||  1016
       Large shield      |       |       |       |       |   416 |  1257 |   644 |  1190 |  4500 ||  8007
